 Dungeon Crawl Stone Soup version 0.30-a0-920-g7493c07aab (webtiles) character file.

Game seed: 18331278425731836987

4 ragingrage the Grasshopper (level 1, -2/16 HPs)
             Began as a Human Warper on Mar 21, 2023.
             Slain by a gnoll
             ... wielding a +0 spear
              (9 damage)
             ... on level 1 of the Dungeon.
             The game lasted 00:00:19 (125 turns).

ragingrage the Grasshopper (Human Warper)            Turns: 125, Time: 00:00:19

Health: -2/16      AC:  3    Str: 11    XL:     1   Next: 77%
Magic:  3/3        EV: 11    Int: 13    God:
Gold:   9          SH:  0    Dex: 12    Spells: 4/4 levels left

rFire   . . .      SeeInvis .    a - +0 falchion
rCold   . . .      Faith    .    (no shield)
rNeg    . . .      Spirit   .    b - +0 leather armour
rPois   .          Reflect  .    (no helmet)
rElec   .          Rampage  .    (no cloak)
rCorr   .                        (no gloves)
Will    .....                    (no boots)
Stlth   +                        (no amulet)
HPRegen 0.22/turn                (no ring)
MPRegen 0.08/turn                (no ring)

@: no status effects
A: no striking features
a: no special abilities


You were on level 1 of the Dungeon.
You visited 1 branch of the dungeon, and saw 1 of its levels.

You collected 9 gold pieces.

Inventory:

Hand Weapons
 a - a +0 falchion (weapon)
Armour
 b - a +0 leather armour (worn)
Scrolls
 c - a scroll of blinking


   Skills:
 - Level 2.0 Fighting
 + Level 2.4 Long Blades
 - Level 1.0 Throwing
 - Level 1.0 Armour
 - Level 2.0 Dodging
 - Level 2.0 Spellcasting
 - Level 3.0 Translocations


You had 4 spell levels left.
You didn't know any spells.
Your spell library contained the following spells:

 Spells                   Type           Power      Damage    Failure   Level
 Blink                    Tloc           18%        N/A       14%         2
 Lesser Beckoning         Tloc           18%        N/A       14%         2
 Teleport Other           Tloc           9%         N/A       28%         3
 Vhi's Electric Charge    Tloc/Air       10%        N/A       47%         3
 Manifold Assault         Tloc           9%         N/A       67%         4


Dungeon Overview and Level Annotations

Branches:
Dungeon (1/15)

Altars:


Message History

The kobold hits you with a +0 club.
You see here a hobgoblin corpse.
You closely miss the kobold. The kobold closely misses you.
You barely miss the kobold. The kobold barely misses you.
You closely miss the kobold. The kobold closely misses you.
The kobold hits you with a +0 club.
You closely miss the kobold. The kobold hits you with a +0 club.
You barely miss the kobold. The kobold hits you with a +0 club.
* * * LOW HITPOINT WARNING * * *
You hit the kobold.
You kill the kobold!
Things that are here:
a +0 club; a kobold corpse You start resting.
There is a stone staircase leading down here.
There is a stone staircase leading down here.
A kobold comes into view. It is wielding a +0 dagger.
The kobold shouts!
You hear an angry hiss.
A kobold is nearby!
A rat comes into view.
A gnoll comes into view. It is wielding a +0 spear.
The gnoll shouts!
The kobold hits you but does no damage.
You hit the kobold.
You kill the kobold!
A ball python comes into view.
The rat twitches its whiskers.
You hit the rat.
You kill the rat!
The gnoll hits you but does no damage.
You completely miss the gnoll. You punch the gnoll.
The gnoll closely misses you. The gnoll hits you with a +0 spear.
You are too injured to fight recklessly!
You are too injured to fight recklessly!
You are too injured to fight recklessly!
You are too injured to fight recklessly!
The gnoll attacks as you move away! The gnoll hits you with a +0 spear.
The gnoll hits you from afar with a +0 spear!
Ouch! That really hurt!
You die...

#.).####..............#
#...# ##.####.........#
#...###..# #........$##
###.#...###
#..........# #.##....#
#........... #.#####.#
#........... #.###
#)###...g.....##
#...###†..####........
###>##....#..@)S......
##....>.....#.####...
#........##...# #
#.⌠...⌠.........#
#..###............
#..#<'.......##...
#..###.......# ###
#.⌠...⌠.....##
#...........#


You could see a gnoll and a ball python.

Vanquished Creatures
  A hobgoblin (D:1)
  2 kobolds (D:1)
  A rat (D:1)
4 creatures vanquished.

Notes
Turn   | Place    | Note
-------+----------+-------------------------------------------
     0 | D:1      | ragingrage the Human Warper began the quest for the Orb.
     0 | D:1      | Reached XP level 1. HP: 16/16 MP: 3/3
   125 | D:1      | Slain by a gnoll

Illustrated notes

Levels and vault maps discovered:
D:1:      scummos_arrival_simple_fountains, layout_rooms,
          chequers_ecumenical_altar_twisty

Action                     || total
---------------------------++-------
  Melee: Falchion          ||    13
         Punch             ||     1
  Throw: Boomerang         ||     7
 Armour: Leather armour    ||     7
  Dodge: Dodged            ||    16

Table legend: (Time is in decaauts)
 A = Elapsed time spent in this place.
 B = Non-inter-level travel time spent in this place.
 C = Inter-level travel time spent in this place.
 D = Time resting spent in this place.
 E = Time spent auto-exploring this place.
 F = Levels seen in this place.
 G = Mean time per level.
                   A        B        C        D        E       F      G
               +--------+--------+--------+--------+--------+-----+--------+
         Total |    129 |    129 |      0 |     51 |     42 |   1 |  129.0 |
       Dungeon |    129 |    129 |      0 |     51 |     42 |   1 |  129.0 |
               +--------+--------+--------+--------+--------+-----+--------+

Top non-repeatable levels by time:
     D:1: 129 daAuts
